 Dungeon Crawl Stone Soup version 0.21.1-1-g345015f (webtiles) character file.

64 shakethe the Magician (level 4, -3/33 HPs)
             Began as a Formicid Warper on Feb 7, 2018.
             Slain by an adder (4 damage)
             ... on level 3 of the Dungeon.
             The game lasted 00:07:09 (2130 turns).

shakethe the Magician (Formicid Warper)             Turns: 2130, Time: 00:07:10

Health: -3/33      AC:  4    Str: 15    XL:     4   Next: 32%
Magic:  5/8        EV: 11    Int: 13    God:
Gold:   162        SH:  0    Dex: 11    Spells: 7/9 levels left

rFire    . . .     SeeInvis +   a - +0 hand axe
rCold    . . .     Gourm    .   (no shield)
rNeg     . . .     Faith    .   b - +0 leather armour
rPois    .         Spirit   .   (helmet unavailable)
rElec    .         Reflect  .   s - +0 cloak
rCorr    .         Harm     .   (no gloves)
MR       .....                  (no boots)
Stlth    +.........             (no amulet)
HPRegen  0.11/turn              (no ring)
MPRegen  0.11/turn              (no ring)

@: lethally poisoned (-3 -> -5), shrouded
A: permanent stasis, dig shafts and tunnels, four strong arms, antennae 3
a: Dig, Shaft Self


You were on level 3 of the Dungeon.
You were not hungry.

You visited 1 branch of the dungeon, and saw 3 of its levels.

You collected 162 gold pieces.

Inventory:

Hand Weapons
 a - a +0 hand axe (weapon)
Missiles
 e - 4 tomahawks of dispersal (quivered)
Armour
 b - a +0 leather armour (worn)
 o - a +0 shield
 s - a +0 cloak (worn)
Jewellery
 p - an uncursed amulet of regeneration {unknown}
Scrolls
 d - a scroll of blinking
 j - 2 scrolls of remove curse {unknown}
 k - 2 scrolls of teleportation {unknown}
 m - a scroll of identify {unknown}
 n - a scroll of enchant armour {unknown}
 r - a scroll of enchant weapon {unknown}
Potions
 g - a potion of might {unknown}
 h - a potion of curing {unknown}
 i - a potion of heal wounds {unknown}
 l - a potion of brilliance {unknown}
 q - a potion of agility {unknown}
Books
 c - a book of Spatial Translocations

   Spells                             Type                      Level
   a - Blink                          Translocation                2
   b - Shroud of Golubria             Charms/Translocation         2
   c - Lesser Beckoning               Translocation                3
   d - Gell's Gravitas                Translocation                3
   e - Teleport Other                 Translocation                3
   f - Passage of Golubria            Translocation                4
Comestibles
 f - 5 rations
 t - a chunk of flesh


   Skills:
 - Level 2.1 Fighting
 * Level 2.9 Axes
 - Level 1.0 Throwing
 - Level 1.1 Armour
 - Level 1.7 Dodging
 * Level 1.3 Shields
 + Level 3.1 Spellcasting
 + Level 3.1 Translocations


You had 7 spell levels left.
You knew the following spells:

 Your Spells              Type           Power        Failure   Level  Hunger
a - Shroud of Golubria    Chrm/Tloc      #.........   22%         2    ##.....


Dungeon Overview and Level Annotations

Branches:
Dungeon (3/15)

Altars:
Nemelex Xobeh


Innate Abilities, Weirdness & Mutations

You cannot be hasted, slowed, berserked, paralysed or teleported.
You can dig through walls and to a lower floor.
Your four strong arms can wield two-handed weapons with a shield.
You have a pair of large antennae on your head. (SInv)


Message History

The adder is moderately wounded.
The adder bites you but does no damage. The adder barely misses you.
You barely miss the adder.
The adder is moderately wounded.
Your shroud unravels.
You feel sick. The adder bites you but does no damage.
You barely miss the adder.
The adder is moderately wounded.
The adder barely misses you. The adder bites you but does no damage.
You miss the adder.
The adder is moderately wounded.
The adder bites you.
* * * LOW HITPOINT WARNING * * *
* * * LOW HITPOINT WARNING * * *
You feel sick.
Casting: Shroud of Golubria
Confirm with . or Enter, or press ? or * to list all spells.
Space distorts slightly along a thin shroud covering your body.
The adder barely misses you. The adder bites you.
You die...

## #. .# #. .# ##. #.#
.. ..## #. ... #.##.#
#..S.##.# ##@.....#
##### ####.###### (...#
#.........#
#.###########.###.###.#
#..................##.#
#############.###..##.#
... .......(†....##.#
### ####..##)###.##.# {
#.. #.#...##.#


You could see an adder.

Vanquished Creatures
  3 adders (D:2)
  3 dart slugs
  A leopard gecko (D:1)
  3 bats
  3 giant cockroaches
  5 goblins
  3 hobgoblins
  3 kobolds
  3 frilled lizards
  3 rats
30 creatures vanquished.

Notes
Turn   | Place    | Note
-------+----------+-------------------------------------------
     0 | D:1      | shakethe the Formicid Warper began the quest for the Orb.
     0 | D:1      | Reached XP level 1. HP: 16/16 MP: 3/3
   232 | D:1      | Reached XP level 2. HP: 22/22 MP: 5/5
   246 | D:1      | Learned a level 2 spell: Shroud of Golubria
   612 | D:1      | Found a sparkling altar of Nemelex Xobeh.
   702 | D:1      | Reached XP level 3. HP: 11/27 MP: 7/7
  1373 | D:2      | Reached skill level 1 in Shields
  1373 | D:2      | Reached XP level 4. HP: 26/33 MP: 4/8
  1973 | D:3      | Noticed a two-headed ogre
  2129 | D:3      | HP: 1/33 [poisoned by an adder]
  2130 | D:3      | Slain by an adder

Skill      XL: |  1  2  3 |
---------------+----------+-----
Translocations | 3 |  3.1
Shields        | 1 |  1.3
Spellcasting   | 3 |  3.1
Fighting       | |  2.1
Axes           | |  2.9
Throwing       | |  1.0
Armour         | |  1.1
Dodging        | |  1.7

Action                   |  1- 3 |  4- 6 || total
-------------------------+-------+-------++-------
Melee: Hand axe          |    93 |    46 ||   139
Throw: Tomahawk          |     1 |       ||     1
 Cast: Shroud of Golubri |     3 |     3 ||     6
  Eat: Chunk             |     2 |     2 ||     4
Armor: Leather armour    |    18 |    21 ||    39
Dodge: Dodged            |    62 |    24 ||    86
